 Dungeon Crawl Stone Soup version 0.30.1 (webtiles) character file.

Game seed: 4648084252928677119

700 GimliDwarf the Covert (level 7, -1/51 HPs)
             Began as a Gnoll Wanderer on July 6, 2023.
             Was a Follower of Yredelemnul.
             Slain by a gnoll bouda
             ... wielding a +0 club
              (7 damage)
             ... on level 5 of the Dungeon.
             The game lasted 00:12:45 (3274 turns).

GimliDwarf the Covert (Gnoll Wanderer)              Turns: 3274, Time: 00:12:46

Health: -1/51      AC:  6    Str:  9    XL:     7   Next: 65%
Magic:  11/11      EV: 12    Int:  8    God:    Yredelemnul [*.....]
Gold:   161        SH:  0    Dex: 19    Spells: 11/11 levels left

rFire   . . .        d - +3 short sword (vamp)
rCold   . . .        (no shield)
rNeg    . . .        p - +0 leather armour
rPois   .            o - +0 helmet
rElec   .            (no cloak)
rCorr   +            v - +1 pair of gloves
SInv    .            (no boots)
Will    .....        (no amulet)
Stlth   ++++         k - ring of resist corrosion
HPRegen 0.28/turn    (no ring)
MPRegen 0.12/turn

%: no passive effects
@: no status effects
A: fangs 1, strong nose, distributed training
a: Renounce Religion, Recall Undead Harvest


You were on level 5 of the Dungeon.
You worshipped Yredelemnul.
Yredelemnul was noncommittal.
You visited 2 branches of the dungeon, and saw 6 of its levels.

You collected 161 gold pieces.

Inventory:

Hand Weapons
 a - the +8 trident of the Depths {elec, Drain rC+ Int+2}
   (You found it on level 4 of the Dungeon)

   Int:       It affects your intelligence (+2).
   rC:        It protects you from cold.
   Drain:     It drains your maximum health when unequipped.
 c - a +2 spear of pain
 d - a +3 vampiric short sword (weapon)
Missiles
 g - an atropa-tipped dart (quivered)
 r - 2 datura-tipped darts
Armour
 o - a +0 helmet (worn)
 p - a +0 leather armour (worn)
 s - a +0 buckler
 v - a +1 pair of gloves (worn)
Jewellery
 k - a ring of resist corrosion (left hand)
Wands
 e - a wand of flame (6)
Scrolls
 h - a scroll of fear
 j - a scroll of amnesia
 l - 2 scrolls of magic mapping
 t - a scroll of teleportation
Potions
 b - a potion of invisibility {unknown}
 f - 3 potions of curing
 i - 2 potions of lignification
 m - a potion of berserk rage {unknown}
 n - 2 potions of heal wounds
 q - a potion of might {unknown}
 w - a potion of haste {unknown}


   Skills:
 + Level 2.7 Fighting
 + Level 2.7 Short Blades
 + Level 2.7 Long Blades
 + Level 2.7 Axes
 + Level 2.7 Maces & Flails
 + Level 2.7 Polearms
 + Level 2.7 Staves
 + Level 2.7 Ranged Weapons
 + Level 2.7 Throwing
 + Level 3.8 Armour
 + Level 2.7 Dodging
 + Level 10.0 Stealth
 + Level 2.7 Shields
 + Level 7.1 Unarmed Combat
 + Level 2.7 Spellcasting
 + Level 2.2 Conjurations
 + Level 2.2 Hexes
 + Level 2.2 Summonings
 + Level 2.2 Necromancy
 + Level 2.2 Translocations
 + Level 2.2 Transmutations
 + Level 2.2 Fire Magic
 + Level 2.2 Ice Magic
 + Level 2.2 Air Magic
 + Level 2.2 Earth Magic
 + Level 2.2 Poison Magic
 + Level 3.0 Invocations
 + Level 3.8 Evocations


You had 11 spell levels left.
You didn't know any spells.
Your spell library was empty.

Dungeon Overview and Level Annotations

Branches:
Dungeon (5/15)             Temple (1/1) D:4

Altars:
Ashenzari
Cheibriados
Elyvilon
Fedhas
Hepliaklqana
Kikubaaqudgha
Nemelex Xobeh
Okawaru
Qazlal
Ru
Trog
Uskayaw
Vehumet
Wu Jian
Xom
Yredelemnul
The Shining One


Innate Abilities, Weirdness & Mutations

You have very sharp teeth.
Your uncanny sense of smell can sniff out nearby items.
Your experience applies equally to all skills.


Message History

The gnoll bouda hits your gnoll zombie with a +0 club.
Your gnoll zombie barely misses the gnoll bouda.
The gnoll bouda prays to its god.
The gnoll bouda is healed somewhat.
Your gnoll zombie hits the gnoll bouda but does no damage.
The gnoll bouda hits your gnoll zombie with a +0 club!
Things that are here:
8 stones; a +0 scale mail; a throwing net Your gnoll zombie barely misses the gnoll bouda.
The gnoll bouda hits your gnoll zombie with a +0 club.
You swap places.
The gnoll bouda gazes fiercely through you!
You feel as though you will be weak longer.
The gnoll bouda misses you.
You hit the gnoll bouda but do no damage.
You bite the gnoll bouda, but do no damage.
The gnoll bouda is moderately wounded.
The gnoll bouda hits you with a +0 club.
* * * LOW HITPOINT WARNING * * *
You hit the gnoll bouda but do no damage.
The gnoll bouda is moderately wounded.
You closely miss the gnoll bouda.
The gnoll bouda is moderately wounded.
The gnoll bouda barely misses you.
You hit the gnoll bouda.
You feel better.
The gnoll bouda is moderately wounded.
The gnoll bouda completely misses you.
You hit the gnoll bouda.
You feel better.
The gnoll bouda is heavily wounded.
The gnoll bouda hits you but does no damage.
You hit the gnoll bouda.
The gnoll bouda is heavily wounded.
The gnoll bouda hits you with a +0 club.
* * * LOW HITPOINT WARNING * * *
You hit the gnoll bouda but do no damage.
The gnoll bouda is heavily wounded.
Your attacks no longer feel as feeble.
The gnoll bouda hits you with a +0 club!
You die...
Your body rises from the dead as a mindless zombie.

.. ## #..#..
#.#.######### #.
#...#.......# ...
#.........# ...P
#.........# .....
###.#(....(Z##......
+.#..).....Z@.......
###.#'#))######g......gP
#.....##.....###..P...P
+.....#####....#..P...g
#.....# #.#..........
###.#+#∆ #+#.#######.##
+. #.# #.. ## ###.# #.#
+...# #.#


You could see a gnoll bouda (ally target), a friendly gnoll zombie and a
friendly gnoll sergeant zombie.

Vanquished Creatures
  Sigmund (D:2)
  An ogre (D:4)
  2 scorpions (D:4)
  A sleepcap (D:4)
  Terence (D:2)
  An orc wizard (D:5)
  Robin (D:2)
  3 gnolls (D:5)
  7 adders
  A worm (D:2)
  2 dart slugs
  5 orcs
  7 bats
  4 endoplasms
  5 giant cockroaches
  10 goblins
  9 hobgoblins
  3 jackals (D:1)
  5 kobolds
  6 quokkas
  6 ball pythons
  3 frilled lizards
  9 rats
93 creatures vanquished.

Vanquished Creatures (collateral kills)
  A gnoll sergeant (D:5)
  An endoplasm (D:4)
  A giant cockroach (D:4)
  A goblin (D:2)
  A hobgoblin (D:2)
5 creatures vanquished.

Vanquished Creatures (others)
  A human zombie (D:2)
  2 gnoll zombies (D:5)
  A ball python zombie (D:2)
  An endoplasm zombie (D:2)
  3 goblin zombies (D:2)
  4 hobgoblin zombies (D:2)
  2 orc zombies (D:5)
14 creatures vanquished.

Grand Total: 112 creatures vanquished

Notes
Turn   | Place    | Note
-------+----------+-------------------------------------------
     0 | D:1      | Reached skill level 9 in Stealth
     0 | D:1      | GimliDwarf the Gnoll Wanderer began the quest for the Orb.
     0 | D:1      | GimliDwarf set off with the following items: a +0 dagger,
                  | an atropa-tipped dart, 2 datura-tipped darts, a potion of
                  | attraction, a wand of flame (6), a potion of curing, a +0
                  | robe.
     0 | D:1      | Reached XP level 1. HP: 13/13 MP: 1/1
   177 | D:1      | Reached XP level 2. HP: 19/19 MP: 2/2
   353 | D:1      | Reached XP level 3. HP: 25/25 MP: 3/3
   658 | D:2      | You fall into a shaft and drop 2 floors!
   669 | D:4      | Found a staircase to the Ecumenical Temple.
   679 | Temple   | Entered the Ecumenical Temple
   971 | Temple   | Became a worshipper of Yredelemnul the Dark
  1072 | D:3      | Found a white marble altar of Elyvilon.
  1153 | D:2      | Noticed Terence
  1223 | D:2      | Noticed Robin
  1232 | D:2      | Reached skill level 1 in Invocations
  1237 | D:2      | Reached * piety under Yredelemnul
  1253 | D:2      | Killed Robin
  1254 | D:2      | Reached skill level 1 in Fighting
  1254 | D:2      | Reached skill level 1 in Short Blades
  1254 | D:2      | Reached skill level 1 in Long Blades
  1254 | D:2      | Reached skill level 1 in Axes
  1254 | D:2      | Reached skill level 1 in Maces & Flails
  1254 | D:2      | Reached skill level 1 in Polearms
  1254 | D:2      | Reached skill level 1 in Staves
  1254 | D:2      | Reached skill level 1 in Ranged Weapons
  1254 | D:2      | Reached skill level 1 in Throwing
  1254 | D:2      | Reached skill level 1 in Dodging
  1254 | D:2      | Reached skill level 1 in Shields
  1254 | D:2      | Reached skill level 1 in Spellcasting
  1261 | D:2      | Reached XP level 4. HP: 32/32 MP: 5/5
  1342 | D:2      | Noticed Sigmund
  1384 | D:2      | Killed Sigmund
  1385 | D:2      | Reached skill level 1 in Conjurations
  1385 | D:2      | Reached skill level 1 in Hexes
  1385 | D:2      | Reached skill level 1 in Summonings
  1385 | D:2      | Reached skill level 1 in Necromancy
  1385 | D:2      | Reached skill level 1 in Translocations
  1385 | D:2      | Reached skill level 1 in Transmutations
  1385 | D:2      | Reached skill level 1 in Fire Magic
  1385 | D:2      | Reached skill level 1 in Ice Magic
  1385 | D:2      | Reached skill level 1 in Air Magic
  1385 | D:2      | Reached skill level 1 in Earth Magic
  1385 | D:2      | Reached skill level 1 in Poison Magic
  1385 | D:2      | Reached XP level 5. HP: 36/38 MP: 5/7
  1387 | D:2      | Reached ** piety under Yredelemnul
  1391 | D:2      | Reached XP level 6. HP: 44/44 MP: 5/8
  1704 | D:2      | Your ally Sigmund died
  1714 | D:2      | Killed Terence
  2055 | D:3      | Found an ornate altar of the Wu Jian Council.
  2055 | D:3      | Found a snail-covered altar of Cheibriados.
  2284 | D:4      | Identified the +8 trident of the Depths {elec, Drain rC+
                  | Int+2}
  2580 | D:4      | Reached XP level 7. HP: 29/51 MP: 10/10
  2888 | D:5      | Entered Level 5 of the Dungeon
  3227 | D:5      | Reached skill level 10 in Stealth
  3274 | D:5      | Slain by a gnoll bouda

Illustrated notes

Levels and vault maps discovered:
D:1:      scummos_arrival_star, layout_loops_ring
D:2:      layout_loops_ring, minmay_unequal, uniq_sigmund, uniq_terence,
          uniq_robin
D:3:      layout_rooms, lemuel_tele_altar, amethyst_overflow_temple_binary
D:4:      layout_cave_pools, minmay_temple_entry_mini_moons,
          gup_sewer_entry_bubbles, minmay_between
D:5:      nicolae_cairo_tiling_large, layout_basic, minivault_25,
          kennysheep_big_empty_room, nicolae_grassy_gnolls
Temple:   eino_temple_water

Skill      XL: |  1  2  3  4  5  6  7 |
---------------+----------------------+-----
Stealth        | 10 | 10.0
Invocations    | 1 2 3 |  3.0
Fighting       | 1 2 |  2.7
Short Blades   | 1 2 |  2.7
Long Blades    | 1 2 |  2.7
Axes           | 1 2 |  2.7
Maces & Flails | 1 2 |  2.7
Polearms       | 1 2 |  2.7
Staves         | 1 2 |  2.7
Ranged Weapons | 1 2 |  2.7
Throwing       | 1 2 |  2.7
Dodging        | 1 2 |  2.7
Shields        | 1 2 |  2.7
Spellcasting   | 1 2 |  2.7
Armour         | 3 |  3.8
Conjurations   | 1 2 |  2.2
Hexes          | 1 2 |  2.2
Summonings     | 1 2 |  2.2
Necromancy     | 1 2 |  2.2
Translocations | 1 2 |  2.2
Transmutations | 1 2 |  2.2
Fire Magic     | 1 2 |  2.2
Ice Magic      | 1 2 |  2.2
Air Magic      | 1 2 |  2.2
Earth Magic    | 1 2 |  2.2
Poison Magic   | 1 2 |  2.2
Evocations     | 3 |  3.8
Unarmed Combat | 7 |  7.1

Action                     |  1- 3 |  4- 6 |  7- 9 || total
---------------------------+-------+-------+-------++-------
  Melee: Dagger            |    40 |       |       ||    40
         Bite              |    10 |     8 |     8 ||    26
         Punch             |     2 |     5 |     2 ||     9
         Short sword       |    68 |   121 |    64 ||   253
  Throw: Dart              |       |     1 |     3 ||     4
         Throwing net      |       |       |     1 ||     1
    Use: Scroll            |       |     4 |     6 ||    10
         Potion            |       |     1 |       ||     1
   Stab: Sleeping          |    17 |    14 |     3 ||    34
         Distracted        |       |     2 |     2 ||     4
         Held in net/web   |       |       |     1 ||     1
 Armour: Robe              |    23 |       |       ||    23
         Leather armour    |       |    29 |     8 ||    37
  Dodge: Dodged            |    66 |    66 |    29 ||   161
